 Dungeon Crawl Stone Soup version 0.21-a0-163-g3aa3f5d (webtiles) character file.

152698 tsouns the Black Belt (level 17, -2/139 HPs)
             Began as a Demonspawn Assassin on Aug 4, 2017.
             Was the Champion of Makhleb.
             Killed from afar by a merfolk aquamancer (36 damage)
             ... with a shard of ice
             ... on level 1 of the Shoals on Aug 5, 2017.
             The game lasted 02:40:43 (32647 turns).

tsouns the Black Belt (Demonspawn Assassin)        Turns: 32647, Time: 02:40:44

Health: -2/139     AC: 24    Str: 21    XL:     17   Next: 3%
Magic:  23/23      EV: 18    Int: 20    God:    Makhleb [******]
Gold:   962        SH: 15    Dex: 17    Spells: 4/16 levels left

rFire    . . .     SeeInvis +     - Unarmed
rCold    + . .     Gourm    .   e - +2 shield {reflect}
rNeg     . . .     Faith    .   T - +3 troll leather armour
rPois    +         Spirit   .   m - +2 hat {MR+}
rElec    +         Reflect  +   d - +2 cloak
rCorr    .         Harm     .   I - +2 pair of gloves
MR       ++...                  y - +1 pair of boots
Stlth    ++++......             Q - amulet of rage
HPRegen  0.73/turn              X - ring "Ihigocer" {rC+ Str+4 SInv}
MPRegen  0.18/turn              u - ring "Cimn" {+Blink +Fly rElec Int+4 Stlth+}

@: no status effects
A: talons 2, iridescent scales 3, agile 1, poison resistance, powered by death
2, powered by pain 2, strong 1
a: Minor Destruction, Lesser Servant of Makhleb, Major Destruction, Greater
Servant of Makhleb, Renounce Religion, Evoke Blink, Evoke Berserk Rage, Evoke
Flight


You were on level 1 of the Shoals.
You worshipped Makhleb.
Makhleb was exalted by your worship.
You were not hungry.

You visited 5 branches of the dungeon, and saw 28 of its levels.
You also visited: Sewer.

You collected 3171 gold pieces.
You spent 2209 gold pieces at shops.

Inventory:

Hand Weapons
 b - a +3 blowgun
Missiles
 O - 11 tomahawks (quivered)
 U - 14 curare-tipped needles
 Z - 3 throwing nets
Armour
 d - a +2 cloak (worn)
 e - a +2 shield of reflection (worn)
 m - a +2 hat of magic resistance (worn)
 y - a +1 pair of boots (worn)
 I - a +2 pair of gloves (worn)
 T - a +3 troll leather armour (worn)
Jewellery
 u - the ring "Cimn" (right hand) {+Blink +Fly rElec Int+4 Stlth+}
   (You found it on level 6 of the Lair of Beasts)

   [ring of flight]

   It affects your intelligence (+4).
   It insulates you from electricity.
   It lets you fly.
   It lets you blink.
   It makes you more stealthy.
 Q - an amulet of rage (around neck)
 X - the ring "Ihigocer" (left hand) {rC+ Str+4 SInv}
   (You found it on level 14 of the Dungeon)

   [ring of see invisible]

   It affects your strength (+4).
   It protects you from cold.
   It lets you see invisible.
Wands
 a - a wand of polymorph (0/24)
 z - a wand of clouds (1/9)
 H - a wand of scattershot (4/9)
 L - a wand of confusion (16/48)
 V - a wand of lightning (5/15)
Scrolls
 f - 4 scrolls of fog
 h - 11 scrolls of teleportation
 l - 5 scrolls of amnesia
 s - 4 scrolls of fear
 v - 4 scrolls of remove curse
 w - 4 scrolls of blinking
 x - 8 scrolls of magic mapping
 C - 3 scrolls of recharging
 P - a scroll of immolation
 R - 3 scrolls of identify
Potions
 i - a potion of resistance
 j - 2 potions of berserk rage
 n - 2 potions of heal wounds
 p - 3 potions of ambrosia
 r - 8 potions of curing
 A - 4 potions of flight
 B - 2 potions of magic
 D - 3 potions of agility
 E - 3 potions of brilliance
 F - 4 potions of haste
 J - 5 potions of lignification
 N - a potion of might
 S - 3 potions of invisibility
 W - 2 potions of cancellation
Books
 G - a Necronomicon

   Spells                             Type                      Level
   a - Haunt                          Necromancy/Summoning         7
   b - Borgnjor's Revivification      Necromancy                   8
   c - Death's Door                   Charms/Necromancy            8
   d - Infestation                    Necromancy                   8
   e - Necromutation                  Transmutation/Necromancy     8
Miscellaneous
 c - a lamp of fire
 k - a fan of gales
 Y - a sack of spiders
Comestibles
 g - 14 bread rations
 t - 9 meat rations


   Skills:
 - Level 14.1 Fighting
   Level 2.2 Short Blades
 - Level 1.7 Throwing
 - Level 5.5 Armour
 - Level 9.3 Dodging
 + Level 6.1 Stealth
 + Level 11.4 Shields
 * Level 18.0 Unarmed Combat
 - Level 8.7 Invocations


You had 4 spell levels left.
You knew the following spells:

 Your Spells              Type           Power        Failure   Level  Hunger
a - Beastly Appendage     Tmut           #.....       34%         1    ##.....
b - Ice Form              Ice/Tmut       #.......     98%         4    #####..
c - Blade Hands           Tmut           #.........   100%        5    ######.
d - Blink                 Tloc           N/A          45%         2    ###....


Dungeon Overview and Level Annotations

Branches:
Dungeon (15/15)            Temple (0/1) D:4            Lair (6/6) D:11
 Shoals (1/4) Lair:4       Spider (4/4) Lair:4        Slime (0/5) Lair:5
    Orc (2/2) D:10            Elf (0/3) Orc:2        Vaults (0/5) D:13
 Depths (0/5) D:15

Altars:
Ashenzari
Elyvilon
Fedhas
Hepliaklqana
Kikubaaqudgha
Makhleb
Nemelex Xobeh
Okawaru
Qazlal
Trog
Vehumet
Xom
Zin
The Shining One
Beogh
Jiyva

Shops:
D:9 *   D:12 *   Orc:2 [:!(}

Annotations:
D:14 kal9871's ghost, adept OpTm


Innate Abilities, Weirdness & Mutations

You have razor-sharp toenails.
You are completely covered in iridescent scales. (AC +6)
You regenerate health from kills.
You sometimes gain power by taking damage.
You are agile. (Dex +2)
Your system is resistant to poisons. (rPois)
Your muscles are strong. (Str +2)


Message History

The torrent of water hits you!
* * * LOW HITPOINT WARNING * * *
You are knocked back by the torrent of water.
The wave splashes down.
Splash!
You fall into the shallow water.
Moving in this stuff is going to be slow.
You hear an angry hiss.
You hear a shout!
You hear an angry hiss.
The merfolk hits you from afar with a trident.
* * * LOW HITPOINT WARNING * * *
The merfolk is engulfed in a cloud of scalding steam.
You block the merfolk's attack. The water elemental barely misses you.
A sea snake comes into view.
There is a staircase back to the Lair here.
Unknown command.
Unknown command.
The sea snake moves out of view.
The merfolk completely misses you.
The merfolk aquamancer points at you and mumbles some strange words.
The shard of ice hits you! You partially resist.
You die...

≈≈≈ ≈≈≈≈≈≈...≈
≈≈≈≈≈≈≈≈≈≈≈...
≈≈≈≈≈≈....... .
≈≈≈≈≈. .....## ≈≈
≈≈≈≈≈.##.≈≈..#(≈≈
≈≈≈≈...#.≈≈....≈≈
≈≈≈≈≈....m≈...≈≈≈
≈≈≈≈≈(.≈@..[..≈≈≈
≈≈≈≈≈≈≈≈Em≈≈.≈≈≈≈
≈≈≈≈≈≈≈≈≈m≈≈...≈≈
≈≈≈≈≈≈≈≈≈≈≈≈.###.
≈≈≈≈≈≈≈≈≈≈≈≈.#
≈≈≈≈≈≈≈≈≈≈≈≈.#
≈≈≈≈≈≈≈≈≈≈≈≈...
≈≈≈≈≈≈≈≈≈≈≈≈≈≈≈
≈≈≈≈≈≈≈≈≈≈≈≈≈≈≈.


You could see a merfolk aquamancer, 2 merfolk and a water elemental.

Vanquished Creatures
  Rupert (D:12)
  Frances (D:13)
  Gastronok (Lair:2)
  Donald (Spider:1)
  The ghost of p0werm0de the Black Belt, an adept DsEn of Uskayaw (Spider:1)
  2 entropy weavers
  Azrael (Spider:2)
  An ettin (Orc:2)
  6 hydras
  Harold (D:12)
  A vault guard (D:13)
  Erolcha (Orc:2)
  2 ogre magi
  4 centaur warriors
  A catoblepas (D:15)
  11 two-headed ogres
  9 death yaks
  2 unseen horrors
  A wizard (D:13)
  2 skeletal warriors (D:15)
  A wolf spider zombie (D:14)
  5 necromancers
  19 wolf spiders
  Pikel (D:8)
  6 ugly things
  A sphinx zombie (D:15)
  A phantasmal warrior (D:15)
  19 orb spiders
  3 orc sorcerers (Orc:2)
  7 slime creatures
  5 cyclopes
  A deep elf mage (D:14)
  A stone giant zombie (D:15)
  2 manticores (D:14)
  14 elephants
  4 moths of wrath
  A stone giant skeleton (D:15)
  2 black mambas
  4 gargoyles
  2 torpor snails
  18 spiny frogs
  5 kobold demonologists
  8 komodo dragons
  5 yaktaurs (D:15)
  14 demonic crawlers
  3 meliai (Spider:3)
  2 polar bears (Lair:2)
  6 trolls
  Prince Ribbit (D:8)
  20 jumping spiders
  A harpy skeleton (D:15)
  16 blink frogs
  10 hippogriffs
  8 hornets
  4 tyrant leeches (Lair:6)
  7 dream sheep (Lair:5)
  A raiju (shapeshifter) (D:14)
  A deep troll zombie (D:15)
  3 shadows
  Sigmund (D:6)
  48 redbacks
  2 wraiths (D:10)
  18 humans (D:13)
  38 yaks
  23 tarantellas
  5 wyverns
  5 fire elementals (Spider:2)
  A steam dragon (Lair:2)
  2 basilisks (Lair:2)
  3 hungry ghosts
  A warg (Orc:2)
  10 vampire mosquitoes
  Edmund (D:5)
  An acid dragon (D:13)
  2 hell hounds (Spider:2)
  Duvessa (D:5)
  8 water moccasins
  6 porcupines
  6 ice beasts
  A black bear (Lair:1)
  18 orc warriors
  Purgy (Sewer)
  5 sky beasts
  2 eyes of draining
  4 phantoms
  18 ogres
  19 centaurs
  4 wolves (Lair:3)
  9 crocodiles
  7 big kobolds
  Blork the orc (D:5)
  18 bullfrogs
  Dowan (D:5)
  5 scorpions
  A troll zombie (D:10)
  13 killer bees
  6 wights
  4 electric eels
  6 centaur zombies
  14 howler monkeys
  A bullfrog zombie (D:11)
  5 crimson imps
  7 hounds
  2 lava snakes (D:9)
  A jelly (D:12)
  3 bullfrog skeletons
  23 orc priests
  31 orc wizards
  4 centaur skeletons
  4 iguanas
  7 worker ants
  7 ogre zombies (D:10)
  A hound zombie (D:6)
  2 worker ant zombies
  13 adders
  11 gnolls
  2 shadow imps
  An ooze (D:3)
  2 adder zombies
  2 adder skeletons
  A worm (D:3)
  A dart slug (D:1)
  7 leopard geckos
  116 orcs
  13 giant cockroaches
  37 goblins
  34 hobgoblins
  5 jackals
  23 kobolds
  5 quokkas
  4 ball pythons
  8 bats
  16 frilled lizards
  2 goblin skeletons (D:10)
  3 goblin zombies (D:10)
  4 hobgoblin zombies (D:10)
  A jackal skeleton (D:6)
  2 leopard gecko skeletons
  2 leopard gecko zombies
  An orc skeleton (D:10)
  15 orc zombies (D:10)
  A quokka skeleton (D:4)
  10 rats
  A butterfly (D:6)
1062 creatures vanquished.

Vanquished Creatures (collateral kills)
  An emperor scorpion (Spider:2)
  6 slime creatures
  An ogre mage (Orc:2)
  Josephine (D:11)
  3 hydras
  3 death yaks
  Nergalle (Orc:2)
  3 orc sorcerers (Orc:2)
  A wolf spider (Spider:1)
  An ugly thing (D:14)
  A cyclops (D:11)
  Maurice (D:8)
  A black mamba (Lair:4)
  An elephant (Lair:6)
  3 spiny frogs
  A gargoyle (D:14)
  A polar bear (Lair:2)
  A troll (D:11)
  4 blink frogs
  2 dream sheep (D:10)
  A tyrant leech (Lair:6)
  10 yaks
  3 redbacks (Spider:1)
  4 wraiths (D:11)
  A basilisk (D:13)
  2 vampire mosquitoes (Lair:6)
  2 water moccasins
  2 orc warriors
  A black bear (Lair:2)
  An ogre (Orc:2)
  2 big kobolds (D:10)
  2 bullfrogs
  12 killer bees
  4 wights (D:11)
  A bullfrog zombie (D:11)
  7 orc wizards
  A worker ant (D:11)
  3 orcs
96 creatures vanquished.

Vanquished Creatures (others)
  Nessos (D:12)
  An orb spider (Spider:4)
  A cyclops (D:13)
  A tarantella (Spider:2)
  A hungry ghost (D:14)
  A centaur (D:15)
  2 kobolds (D:14)
  12 fungi
  35 plants
  2 withered plants (D:15)
57 creatures vanquished.

Grand Total: 1215 creatures vanquished

Notes
Turn   | Place    | Note
-------+----------+-------------------------------------------
     0 | D:1      | tsouns the Demonspawn Assassin began the quest for the Orb.
     0 | D:1      | Reached XP level 1. HP: 16/16 MP: 1/1
   221 | D:1      | Gained mutation: You have sharp toenails. [demonic ancestry]
   221 | D:1      | Reached XP level 2. HP: 22/22 MP: 2/2
   971 | D:2      | Gained mutation: You have razor-sharp toenails. [demonic ancestry]
   971 | D:2      | Reached XP level 3. HP: 28/28 MP: 3/3
  1512 | D:2      | Reached skill level 1 in Shields
  1628 | D:2      | Reached XP level 4. HP: 34/35 MP: 4/4
  1671 | D:3      | Reached skill level 1 in Unarmed Combat
  1964 | D:3      | Found a hazy altar of Hepliaklqana.
  1964 | D:3      | Found a glowing golden altar of the Shining One.
  2004 | D:3      | Reached XP level 5. HP: 34/41 MP: 5/5
  2081 | D:3      | Noticed an ogre
  2095 | D:3      | Killed an ogre
  2095 | D:3      | Reached skill level 2 in Unarmed Combat
  2200 | D:3      | Found a stormy altar of Qazlal.
  2303 | D:3      | Found a burning altar of Makhleb.
  2307 | D:3      | Gained mutation: You sometimes gain a little power by taking damage. [demonic ancestry]
  2307 | D:3      | Reached XP level 6. HP: 48/48 MP: 6/6
  2313 | D:3      | Became a worshipper of Makhleb the Destroyer
  2867 | D:2      | Reached * piety under Makhleb
  3147 | D:3      | Reached skill level 3 in Unarmed Combat
  3535 | D:3      | Found an iron altar of Okawaru.
  3546 | D:3      | Gained mutation: You are partially covered in iridescent scales. (AC +2) [demonic ancestry]
  3546 | D:3      | Reached XP level 7. HP: 32/55 MP: 7/7
  3858 | D:3      | Reached ** piety under Makhleb
  4074 | D:3      | Reached skill level 5 in Fighting
  4861 | D:4      | Reached *** piety under Makhleb
  4874 | D:4      | Found a glowing drain.
  4936 | Sewer    | Entered a sewer
  5035 | Sewer    | Noticed Purgy
  5049 | Sewer    | Killed Purgy
  5049 | Sewer    | Reached skill level 4 in Unarmed Combat
  5268 | D:4      | Found a staircase to the Ecumenical Temple.
  5615 | D:5      | Entered Level 5 of the Dungeon
  5737 | D:5      | Found a shattered altar of Ashenzari.
  5805 | D:5      | Reached XP level 8. HP: 61/64 MP: 8/8
  5864 | D:5      | Noticed Duvessa
  5864 | D:5      | Noticed Dowan
  6102 | D:5      | Identified a scroll of acquirement
  6103 | D:5      | Got a dazzling hat
  6109 | D:5      | Identified the +0 hat "Ogguagit" {rPois Str+3 Int-4} (You acquired it on level 5 of the Dungeon)
  6130 | D:5      | Noticed Edmund
  6156 | D:5      | Killed Edmund
  6156 | D:5      | Reached skill level 5 in Unarmed Combat
  6192 | D:5      | Noticed Blork the orc
  6200 | D:5      | Killed Blork the orc
  6200 | D:5      | Reached skill level 5 in Shields
  6688 | D:5      | Killed Duvessa
  6718 | D:5      | Killed Dowan
  6980 | D:6      | Found a shimmering altar of Xom.
  7368 | D:6      | Reached **** piety under Makhleb
  7529 | D:6      | Reached XP level 9. HP: 48/72 MP: 9/9
  7791 | D:6      | Found a hazy altar of Hepliaklqana.
  7791 | D:6      | Noticed Sigmund
  8052 | D:6      | Killed Sigmund
  8052 | D:6      | Reached skill level 6 in Unarmed Combat
  9140 | D:7      | Reached skill level 7 in Unarmed Combat
  9397 | D:8      | Reached skill level 1 in Invocations
  9438 | D:8      | Noticed Maurice
  9453 | D:8      | Killed Maurice
  9470 | D:8      | Noticed Prince Ribbit
  9499 | D:8      | Killed Prince Ribbit
  9499 | D:8      | Gained mutation: You are mostly covered in iridescent scales. (AC +4) [demonic ancestry]
  9499 | D:8      | Reached XP level 10. HP: 62/80 MP: 11/11
  9749 | D:8      | Reached skill level 8 in Unarmed Combat
  9783 | D:8      | Noticed Pikel
  9795 | D:8      | Killed Pikel
  9937 | D:8      | Found a glowing silver altar of Zin.
 10443 | D:9      | Noticed a two-headed ogre
 10452 | D:9      | Killed a two-headed ogre
 10452 | D:9      | Reached skill level 9 in Unarmed Combat
 10452 | D:9      | Reached skill level 5 in Invocations
 10526 | D:9      | Reached ***** piety under Makhleb
 10537 | D:9      | Found a roughly hewn altar of Beogh.
 11335 | D:9      | Learned a level 1 spell: Beastly Appendage
 11340 | D:9      | Learned a level 4 spell: Ice Form
 11445 | D:9      | Found Ciugeisch's Assorted Antiques.
 11494 | D:9      | Found an ancient bone altar of Kikubaaqudgha.
 11494 | D:9      | Found a blossoming altar of Fedhas.
 11545 | D:9      | Bought a scroll of blinking for 187 gold pieces
 11545 | D:9      | Bought 2 potions of heal wounds for 250 gold pieces
 11545 | D:9      | Bought a dented golden amulet for 125 gold pieces
 11545 | D:9      | Bought a potion of might for 100 gold pieces
 11545 | D:9      | Bought a scroll labeled LENKIT UZIOCIT for 25 gold pieces
 11545 | D:9      | Bought a scroll labeled JACONUU SOIQ for 25 gold pieces
 11545 | D:9      | Bought a sedimented puce potion for 22 gold pieces
 11580 | D:9      | Found a faded altar of an unknown god.
 11580 | D:9      | Found a bloodstained altar of Trog.
 11585 | D:9      | Found a sparkling altar of Nemelex Xobeh.
 11587 | D:9      | Found a white marble altar of Elyvilon.
 11589 | D:9      | Found a faded altar of an unknown god.
 11843 | D:10     | Entered Level 10 of the Dungeon
 11861 | D:10     | Found a staircase to the Orcish Mines.
 11969 | D:10     | Gained mutation: You regenerate a little health from kills. [demonic ancestry]
 11969 | D:10     | Reached XP level 11. HP: 79/87 MP: 15/15
 12669 | D:10     | Reached skill level 10 in Unarmed Combat
 12820 | D:10     | Noticed a two-headed hydra
 12827 | D:10     | Killed a two-headed hydra
 13645 | D:11     | Noticed a death yak
 13647 | D:11     | Noticed a death yak
 13647 | D:11     | Noticed a death yak
 13647 | D:11     | Noticed a death yak
 13648 | D:11     | Noticed a death yak
 13649 | D:11     | Noticed a death yak
 13652 | D:11     | Noticed a death yak
 13652 | D:11     | Noticed a two-headed ogre
 13690 | D:10     | Killed a death yak
 13946 | D:10     | Learned a level 5 spell: Blade Hands
 13950 | D:11     | Noticed a two-headed ogre
 14091 | D:11     | Noticed Josephine
 14103 | D:11     | Killed Josephine
 14103 | D:11     | Reached skill level 11 in Unarmed Combat
 14171 | D:11     | Killed a two-headed ogre
 14515 | D:11     | Found a staircase to the Lair.
 14535 | D:11     | Killed a two-headed ogre
 14535 | D:11     | Reached skill level 10 in Fighting
 14535 | D:11     | Reached XP level 12. HP: 31/97 MP: 17/17
 14857 | D:11     | Noticed a death yak
 14864 | D:11     | Killed a death yak
 14909 | D:10     | Killed a death yak
 15145 | D:11     | Killed a death yak
 15163 | D:10     | Killed a death yak
 15327 | D:10     | Killed a death yak
 15606 | D:11     | Killed a death yak
 15606 | D:11     | Reached skill level 12 in Unarmed Combat
 15617 | D:11     | Killed a death yak
 15709 | D:12     | Noticed Rupert
 15946 | Lair:1   | Entered Level 1 of the Lair of Beasts
 15958 | Lair:1   | Noticed a seven-headed hydra
 15965 | Lair:1   | Killed a seven-headed hydra
 15965 | Lair:1   | Reached skill level 10 in Shields
 16040 | Lair:1   | Reached skill level 1 in Dodging
 16736 | Lair:2   | Noticed a seven-headed hydra
 16749 | Lair:2   | Killed a seven-headed hydra
 17013 | Lair:2   | Noticed Gastronok
 17040 | Lair:2   | Killed Gastronok
 17110 | Lair:2   | Reached skill level 13 in Unarmed Combat
 17191 | Lair:2   | Reached XP level 13. HP: 42/106 MP: 18/18
 18128 | Lair:3   | Reached skill level 1 in Armour
 18898 | Lair:4   | Found a staircase to the Shoals.
 19029 | Lair:4   | Found a hole to the Spider Nest.
 19683 | Lair:5   | Found a viscous altar of Jiyva.
 19683 | Lair:5   | Found a staircase to the Slime Pits.
 19809 | Lair:5   | Reached skill level 14 in Unarmed Combat
 20236 | Lair:6   | Entered Level 6 of the Lair of Beasts
 20418 | Lair:6   | Reached skill level 5 in Dodging
 20483 | Lair:6   | Gained mutation: You are completely covered in iridescent scales. (AC +6) [demonic ancestry]
 20483 | Lair:6   | Reached XP level 14. HP: 115/115 MP: 19/19
 21330 | Lair:6   | Learned a level 2 spell: Blink
 21519 | Lair:6   | Reached skill level 15 in Unarmed Combat
 21601 | Lair:6   | Found a stormy altar of Qazlal.
 21763 | Lair:6   | Got a flickering lapis lazuli ring
 21770 | Lair:6   | Identified the ring "Cimn" {+Blink +Fly rElec Int+4 Stlth+} (You found it on level 6 of the Lair of Beasts)
 22095 | Orc:1    | Entered Level 1 of the Orcish Mines
 22312 | Orc:2    | Entered Level 2 of the Orcish Mines
 22733 | Orc:1    | Found a roughly hewn altar of Beogh.
 22762 | Orc:1    | Reached ****** piety under Makhleb
 22901 | Orc:2    | Found a staircase to the Elven Halls.
 22967 | Orc:2    | Found Helixom's Gadget Emporium.
 23005 | Orc:2    | Bought a lamp of fire for 440 gold pieces
 23005 | Orc:2    | Bought a wand of clouds (1/9) for 165 gold pieces
 23213 | Orc:2    | Found Semoxt's Antique Weapon Boutique.
 23216 | Orc:2    | Paralysed by an ogre mage for 6 turns
 23254 | Orc:2    | Found an ancient bone altar of Kikubaaqudgha.
 23261 | Orc:2    | Noticed Nergalle
 23361 | Orc:2    | Paralysed by an orc sorcerer for 4 turns
 23445 | Orc:2    | Found a radiant altar of Vehumet.
 23446 | Orc:2    | Noticed Erolcha
 23496 | Orc:2    | Killed Erolcha
 23537 | Orc:2    | Found Effiug's Distillery.
 23552 | Orc:2    | Bought a potion of curing for 42 gold pieces
 23552 | Orc:2    | Bought a potion of heal wounds for 70 gold pieces
 23552 | Orc:2    | Bought a potion of curing for 42 gold pieces
 23552 | Orc:2    | Bought a potion of might for 56 gold pieces
 23552 | Orc:2    | Bought a potion of agility for 56 gold pieces
 23576 | Orc:2    | Killed Nergalle
 23612 | Orc:2    | Found a roughly hewn altar of Beogh.
 23612 | Orc:2    | Found Qigodeig's Book Shop.
 23627 | Orc:2    | Found Wosus's Antique Armour Shop.
 23914 | Orc:2    | HP: 4/174 [ettin/dire flail (8)]
 24132 | D:12     | Noticed Harold
 24146 | D:12     | Killed Harold
 24440 | D:12     | Noticed Nessos
 24444 | D:12     | Killed Nessos
 24543 | D:12     | Gained mutation: You sometimes gain power by taking damage. [demonic ancestry]
 24543 | D:12     | Reached XP level 15. HP: 107/123 MP: 20/20
 24680 | D:12     | Found Echucze's Assorted Antiques.
 24705 | D:12     | Bought a scroll of enchant armour for 292 gold pieces
 24705 | D:12     | Bought a potion of invisibility for 312 gold pieces
 24724 | D:12     | Found a stormy altar of Qazlal.
 24881 | D:12     | Killed Rupert
 25014 | D:13     | Got a slimy leather armour
 25015 | D:13     | Noticed Frances
 25029 | D:13     | Gained mutation: You do not regenerate when monsters are visible. [a neqoxec]
 25035 | D:13     | Killed Frances
 25054 | D:13     | Identified the +3 leather armour of the Nightingale {*Slow +Blink rC+ SInv} (You found it on level 13 of the Dungeon)
 25219 | D:13     | Lost mutation: You do not regenerate when monsters are visible. [potion of mutation]
 25219 | D:13     | Gained mutation: Your system is resistant to poisons. (rPois) [potion of mutation]
 25219 | D:13     | Gained mutation: You are agile. (Dex +2) [potion of mutation]
 25219 | D:13     | Gained mutation: Your muscles are strong. (Str +2) [potion of mutation]
 25301 | D:13     | Reached skill level 16 in Unarmed Combat
 25811 | D:13     | Found a gate to the Vaults.
 26983 | D:14     | Noticed kal9871's ghost (adept OpTm)
 27086 | D:14     | Got a wavering bronze ring
 27088 | D:14     | Identified the ring "Ihigocer" {rC+ Str+4 SInv} (You found it on level 14 of the Dungeon)
 27702 | D:15     | Entered Level 15 of the Dungeon
 27782 | D:15     | Found a staircase to the Depths.
 28116 | D:15     | Upgraded the game from 0.21-a0-157-gb89e0e2 to 0.21-a0-163-g3aa3f5d
 28418 | D:15     | Reached skill level 5 in Armour
 28509 | D:15     | Reached XP level 16. HP: 132/132 MP: 22/22
 29153 | Spider:1 | Entered Level 1 of the Spider Nest
 29180 | Spider:1 | Noticed Donald
 29210 | Spider:1 | Killed Donald
 29536 | Spider:1 | Noticed p0werm0de's ghost (adept DsEn)
 29557 | Spider:1 | Reached skill level 17 in Unarmed Combat
 29586 | Spider:1 | Killed p0werm0de's ghost
 30913 | Spider:2 | Noticed Azrael
 30929 | Spider:2 | Killed Azrael
 31217 | Spider:3 | Reached skill level 5 in Stealth
 32000 | Spider:4 | Entered Level 4 of the Spider Nest
 32477 | Spider:4 | Gained mutation: You regenerate health from kills. [demonic ancestry]
 32477 | Spider:4 | Reached XP level 17. HP: 139/139 MP: 23/23
 32492 | Spider:4 | Reached skill level 18 in Unarmed Combat
 32633 | Shoals:1 | Entered Level 1 of the Shoals
 32647 | Shoals:1 | Killed from afar by a merfolk aquamancer

Vault maps used:
D:1:      noname_arrival_rooms_in_the_neighbourhood, minmay_door_square
D:2:      minivault_11
D:3:      minmay_goblin_kobold_castle, makhleb_heckhound_becter,
          nicolae_overflow_crystal_walls, grunt_temple_overflow_open,
          minmay_curled_crystal, grunt_ministairs_10, okawaru_altar_gauntlet_db
D:4:      temple_hall, gup_sewer_entry_glass
D:5:      kennysheep_mini, first_bread, uniq_duvessa, uniq_edmund,
          uniq_blork_the_orc
D:6:      xom_butterflies, basic_altar, uniq_sigmund
D:8:      zin_scriptorium, uniq_pikel, uniq_prince_ribbit1, uniq_maurice
D:9:      grunt_temple_overflow_growth_and_decay,
          chequers_temple_overflow_minitemple, serial_shops,
          nicolae_shop_waterfront, kennysheep_crisscross
D:10:     zombieorc2_lemuel, hangedman_ranch
D:11:     dpeg_lair_monsters, kennysheep_generic_room_11, uniq_josephine
D:12:     serial_shops, nicolae_shop_waterfront, basic_altar, uniq_nessos,
          uniq_harold, uniq_rupert
D:13:     grunt_vaults_entry_tiered, uniq_frances
D:14:     serial_bayou_pond_e, einodemon_crawler_minivault
D:15:     gammafunk_depths_entry_grave, minivault_19
Lair:1:   infiniplex_staircase_pool
Lair:2:   st_stairs_3, beast_lair_carwin_10, uniq_gastronok
Lair:4:   shoals_dummy_entry, nicolae_spider_entry_tight_spaces
Lair:5:   dpeg_slime_entry_enclosed_altar, st_stairs_12
Lair:6:   minmay_lair_end_frog_pond, basic_altar, minmay_stone_trees_small
Spider:1: uniq_donald
Spider:2: uniq_azrael
Spider:3: nicolae_spider_cling_ruins
Spider:4: spider_rune_water
Orc:1:    david_defended_altar_orc
Orc:2:    kennysheep_orc_mage_school, serial_shops, nicolae_shop_trees
Sewer:    sewer_co_purgy_island

Skill      XL: |  1  2  3  4  5  6  7  8  9 10 11 12 13 14 15 16 17 |
---------------+----------------------------------------------------+-----
Short Blades   | 2 |  2.2
Stealth        | 4 6 |  6.1
Shields        | 1 2 3 4 5 7 8 9 10 11 | 11.4
Fighting       | 3 4 6 7 8 10 11 12 13 14 | 14.1
Unarmed Combat | 1 2 3 4 5 7 9 11 13 14 15 16 17 18 | 18.0
Invocations    | 2 5 7 8 |  8.7
Dodging        | 2 5 7 8 9 |  9.3
Armour         | 4 5 |  5.5
Throwing       | |  1.7

Action                   |  1- 3 |  4- 6 |  7- 9 | 10-12 | 13-15 | 16-18 || total
-------------------------+-------+-------+-------+-------+-------+-------++-------
Melee: Dagger            |    85 |   172 |   444 |       |       |       ||   701
       Kick              |    11 |    33 |    62 |       |       |       ||   106
       Unarmed           |       |       |   179 |  1063 |  2090 |   824 ||  4156
 Fire: Blowgun           |    15 |    39 |    78 |       |       |       ||   132
Throw: Stone             |     1 |       |    19 |     4 |       |       ||    24
       Throwing net      |       |       |     1 |       |       |       ||     1
       Tomahawk          |       |       |       |       |     1 |       ||     1
Invok: Lesser Servant of |       |       |     1 |    36 |    35 |     7 ||    79
       Minor Destruction |       |       |       |   127 |   160 |    55 ||   342
       Major Destruction |       |       |       |     3 |     6 |     1 ||    10
 Abil: Evoke Berserk Rag |       |       |       |     2 |     2 |     1 ||     5
Evoke: Wand              |       |       |     4 |     1 |       |       ||     5
  Use: Scroll            |     3 |     5 |    12 |    11 |    11 |     6 ||    48
       Potion            |       |     1 |     4 |     9 |     6 |     5 ||    25
 Stab: Sleeping          |    10 |     7 |    15 |     6 |    19 |    11 ||    68
       Distracted        |       |     1 |     3 |     9 |    15 |     6 ||    34
  Eat: Chunk             |     2 |     4 |     7 |     9 |    10 |     5 ||    37
       Royal jelly       |       |     2 |     1 |     7 |     5 |       ||    15
       Fruit             |       |       |     5 |     2 |    17 |       ||    24
       Bread ration      |       |       |     1 |       |     1 |     1 ||     3
       Meat ration       |       |       |       |     2 |     1 |     1 ||     4
Armor: Robe              |    15 |    26 |   105 |   289 |       |       ||   435
       Skin              |       |       |       |     1 |       |       ||     1
       Troll leather arm |       |       |       |     6 |   486 |   311 ||   803
Dodge: Dodged            |    34 |    42 |   148 |   299 |   744 |   685 ||  1952
Block: Shield            |    10 |    70 |   214 |   459 |   944 |   690 ||  2387
       Reflection        |       |       |       |       |    29 |     5 ||    34
